cohdb
Replays
Latest Replays
All Replays
Popular Replays
Top Player Replays
Match Explorer
How It Works
Community
CoH3 Stats
Reddit
Sign in to upload your games and track your stats! →
Sign in with Steam
Match 44965043
Unlisted
Match 44965043
Overview
Messages
Build Orders
End
Construct Infanterie Kompanie
Selects Luftwaffe Battlegroup
Selects Luftwaffe Pioneer Support
Fallschirmpioneer Squad Paradrop
MG 42 Machine Gun Team
Fallschirmpioneer Squad Paradrop
Selects Stuka Strafing Run
Construct Luftwaffe Kompanie
Stuka Strafing Run
Fallschirmpioneer Squad Paradrop
MG 42 Bunker
Selects Fallschirmjäger Squad Paradrop
Support Elements
Stuka Strafing Run
Fallschirmpioneer Squad Paradrop
Joraad
Slayerwaq
Winteranimal29
Spacemen500
magnetix222
grzesiekskubiszewski
0
0
Comments
sign in to comment!
No comments posted yet!